 Dungeon Crawl Stone Soup version 0.30-a0-722-g3e6e8c874d (webtiles) character file.

Game seed: 12041997063552556536

9190 ASSMAN the Cleaver (level 11, -14/84 HPs)
             Began as a Demonspawn Chaos Knight on Jan 28, 2023.
             Was a Plaything of Xom.
             Demolished by a two-headed ogre
             ... wielding a +0 giant club
              (22 damage)
             ... on level 11 of the Dungeon.
             The game lasted 00:19:22 (10889 turns).

ASSMAN the Cleaver (Demonspawn Chaos Knight)       Turns: 10889, Time: 00:19:22

Health: -14/84     AC: 15    Str: 13    XL:     11   Next: 19%
Magic:  11/11      EV: 16    Int: 15    God:    Xom [....*.]
Gold:   664        SH:  0    Dex:  8    Spells: 9/10 levels left

rFire   . . .      SeeInvis .    a - +1 hand axe (chaos)
rCold   . . .      Faith    .    (no shield)
rNeg    . . .      Spirit   .    b - +3 leather armour
rPois   +          Reflect  .    u - +2 helmet of Arang {Fly rCorr Int-3 Dex-4}
rElec   .          Harm     .    P - +2 cloak
rCorr   +          Rampage  .    (no gloves)
Will    .....                    (no boots)
Stlth   +                        (no amulet)
HPRegen 0.34/turn                I - ring of poison resistance
MPRegen 0.12/turn                y - +5 ring of evasion

@: flying
A: hooves 1, thin metallic scales 2, demonic guardian 2, wild magic 1
a: Renounce Religion


You were on level 11 of the Dungeon.
You worshipped Xom.
You were a beloved toy of Xom.
You visited 1 branch of the dungeon, and saw 11 of its levels.
You also visited: Sewer.

You collected 754 gold pieces.
You spent 90 gold pieces at shops.

Inventory:

Hand Weapons
 a - a +1 hand axe of chaos (weapon)
 k - a +2 dagger of electrocution
 l - a +0 war axe
 N - a +0 demon whip of venom
Armour
 b - a +3 leather armour (worn)
 u - the +2 helmet of Arang (worn) {Fly rCorr Int-3 Dex-4}
   (Xom gifted it to you on level 5 of the Dungeon)

   Int:       It affects your intelligence (-3).
   Dex:       It affects your dexterity (-4).
   Fly:       It grants you flight.
   rCorr:     It protects you from acid and corrosion.
 D - +0 steam dragon scales
 P - a +2 cloak (worn)
 S - a +1 hat
Magical Staves
 v - a staff of fire
 H - a staff of air
Jewellery
 f - a ring of protection from fire
 y - a +5 ring of evasion (right hand)
 I - a ring of poison resistance (left hand)
 L - a ring of resist corrosion
 O - a +5 ring of evasion
 R - a ring of protection from cold
 T - a +5 ring of evasion
Wands
 p - a wand of iceblast (6)
 B - a wand of flame (23)
 F - a wand of mindburst (14)
 M - a wand of paralysis (10)
Scrolls
 j - 2 scrolls of teleportation
 o - 2 scrolls of amnesia
 q - 2 scrolls of torment
 t - 3 scrolls of butterflies
 w - 2 scrolls of magic mapping
 A - a scroll of enchant weapon
 E - 6 scrolls of identify
 J - 2 scrolls of poison
 Q - 2 scrolls of fog
 U - a scroll of noise {unknown}
Potions
 d - a potion of mutation {unknown}
 e - 4 potions of curing
 g - a potion of invisibility
 h - 2 potions of brilliance
 i - a potion of cancellation {unknown}
 m - a potion of resistance
 n - a potion of ambrosia
 s - 2 potions of attraction {unknown}
 x - 2 potions of haste
 z - a potion of magic {unknown}
 C - 2 potions of flight {unknown}
 G - 2 potions of degeneration {unknown}
Miscellaneous
 c - a piece from Xom's chessboard (11/15) (quivered)
 K - a phantom mirror


   Skills:
 + Level 7.2 Fighting
 - Level 14.0 Axes
 - Level 1.7 Armour
 - Level 0.8 Dodging
 + Level 6.1 Evocations


You had 9 spell levels left.
You knew the following spells:

 Your Spells              Type           Power      Damage    Failure   Level
a - Kiss of Death         Conj/Necr      0%         2d5       43%         1

Your spell library contained the following spells:

 Spells                   Type           Power      Damage    Failure   Level
 Apportation              Tloc           0%         N/A       43%         1
 Lesser Beckoning         Tloc           0%         N/A       54%         2
 Sublimation of Blood     Necr           0%         N/A       54%         2
 Confusing Touch          Hex            0%         N/A       78%         3
 Frozen Ramparts          Ice            0%         1d1       78%         3
 Gell's Gravitas          Tloc           0%         N/A       78%         3
 Inner Flame              Hex/Fire       0%         N/A       78%         3
 Teleport Other           Tloc           0%         N/A       78%         3
 Dispel Undead            Necr           0%         3d6       99%         4
 Flame Wave               Conj/Fire      0%         2d4       99%         4
 Ice Form                 Ice/Tmut       0%         N/A       99%         4
 Petrify                  Tmut/Erth      0%         N/A       99%         4
 Sticky Flame             Conj/Fire      0%         2d3       99%         4
 Summon Ice Beast         Ice/Summ       0%         N/A       99%         4
 Alistair's Intoxication  Tmut/Pois      0%         N/A       100%        5
 Irradiate                Conj/Tmut      0%         3d11      100%        5


Dungeon Overview and Level Annotations

Branches:
Dungeon (11/15)            Temple (0/1) D:5            Lair (0/5) D:10
    Orc (0/2) D:10          Sewer (visited)

Altars:
Dithmenos
Nemelex Xobeh
Sif Muna
Wu Jian
Xom

Shops:
D:2 *   D:5 [   D:7 *

Portals:
Trove: D:10 (show slimy rune of Zot)


Innate Abilities, Weirdness & Mutations

You have large cloven feet.
You are mostly covered in thin metallic scales. (AC +3)
A demonic guardian rushes to your aid.
Your spells are a little harder to cast, but a little more powerful.


Message History

You barely miss the wraith. The two-headed ogre misses you. x2
You hit Maurice but do no damage.
Maurice suddenly seems more resistant.
You kick Maurice.
Maurice is almost dead.
You closely miss the wraith.
You hit the two-headed ogre but do no damage.
The two-headed ogre seems to grow stronger.
The wraith barely misses you.
The two-headed ogre completely misses you.
The two-headed ogre barely misses you.
You hit the two-headed ogre. You kick the two-headed ogre.
The two-headed ogre is heavily wounded.
You hit Maurice but do no damage. You hit the wraith but do no damage.
The wraith seems to grow stronger.
Maurice hits you. Maurice freezes you!
A demonic guardian appears!
The wraith barely misses you.
Okay, then.
You feel much better.
The two-headed ogre hits you with a +0 giant club!
The two-headed ogre closely misses you. Maurice hits you but does no damage.
The wraith completely misses you.
Your soul eater closely misses the wraith.
You hit the two-headed ogre.
Nothing appears to happen.
You punch the two-headed ogre, but do no damage.
The two-headed ogre is heavily wounded.
You barely miss Maurice. You hit the wraith but do no damage.
The two-headed ogre closely misses you. The two-headed ogre misses you.
You barely miss the two-headed ogre.
The two-headed ogre is heavily wounded.
You barely miss the wraith. You hit Maurice but do no damage.
Maurice hits you but does no damage.
Your soul eater hits the wraith!
The wraith is destroyed!
You hit the two-headed ogre.
Space warps around the two-headed ogre.
The two-headed ogre is severely wounded.
You hit Maurice.
You kill Maurice!
The two-headed ogre hits you with a +0 giant club!!
* * * LOW HITPOINT WARNING * * *
The two-headed ogre hits you with a +0 giant spiked club!!
You die...
Xom bursts into laughter!

..†.....!......
........................
....(....#..............
...................[....
........................
_......#.#..............
....#.#.>#......3.....>.
...##.#.##..............
#...............@O......
..............>.......).
.#..............##......
................##.##...
.#.................. ..
##<.....#............ .
##..............##....
#..............## ..##B
...............# ##


You could see a boulder beetle, a two-headed ogre (fast, strong, ally target)
and a friendly soul eater (summoned).

Vanquished Creatures
  A two-headed ogre (D:11)
  Joseph (D:10)
  An orange demon (D:9)
  A kobold demonologist (D:11)
  Psyche (D:9)
  A hornet (D:7)
  A vampire (D:10)
  4 yaks (D:10)
  A wyvern (D:9)
  A steam dragon (D:7)
  Grum (D:11)
  2 vampire mosquitoes (D:9)
  2 water moccasins
  A black bear (D:10)
  2 ice beasts
  2 sky beasts
  4 wolves (D:11)
  4 centaurs
  A phantom (D:7)
  3 kobold brigands
  5 bullfrogs
  3 gnoll sergeants
  A necrophage (D:5)
  A wyvern zombie (D:6)
  3 scorpions
  7 wights
  2 centaur zombies (D:6)
  A gnoll bouda (D:7)
  3 orc priests
  A bullfrog zombie (D:6)
  5 jellies (Sewer)
  Ijyb (D:4)
  Natasha (D:2)
  An iguana (D:4)
  4 orc wizards
  A howler monkey zombie (D:6)
  14 gnolls
  2 river rats
  10 adders
  A shadow imp (D:8)
  A white imp (D:7)
  2 ufetubi
  5 worms
  4 dart slugs
  31 orcs
  12 bats
  12 endoplasms
  7 giant cockroaches
  9 goblins
  5 hobgoblins
  6 jackals
  20 kobolds
  5 quokkas
  9 ball pythons
  7 frilled lizards
  5 rats
242 creatures vanquished.

Vanquished Creatures (collateral kills)
  A two-headed ogre (D:8)
  A yaktaur (shapeshifter) (D:11)
  Sigmund (D:2)
  A wraith (D:11)
  A steam dragon (D:8)
  An ice beast (D:3)
  A black bear (D:3)
  2 centaurs (D:10)
  A bullfrog (D:7)
  2 wights
  2 bullfrog zombies (D:6)
  An orc priest (D:7)
  Natasha (twice) (D:2)
  A gnoll (D:9)
  2 orcs (D:3)
  A hobgoblin (D:2)
  A ball python (D:2)
  A frilled lizard (Sewer)
  A kobold (D:1)
24 creatures vanquished.

Vanquished Creatures (others)
  Amaemon (D:9)
  3 vampire mosquitoes (D:9)
  A water moccasin (D:10)
  2 orcs (D:7)
  41 fungi (D:10)
  45 plants
93 creatures vanquished.

Grand Total: 359 creatures vanquished

Notes
Turn   | Place    | Note
-------+----------+-------------------------------------------
     0 | D:1      | ASSMAN the Demonspawn Chaos Knight began the quest for the
                  | Orb.
     0 | D:1      | Reached XP level 1. HP: 18/18 MP: 1/1
    12 | D:1      | XOM: smoke on damage
    74 | D:1      | Reached skill level 3 in Axes
   143 | D:1      | Gained mutation: You have large cloven feet. [demonic
                  | ancestry]
   143 | D:1      | Reached XP level 2. HP: 24/24 MP: 2/2
   299 | D:1      | XOM: scenery: summon butterflies
   372 | D:1      | XOM: smoke on damage
   394 | D:1      | Found a faded altar of an unknown god.
   418 | D:1      | XOM: enchant monster (bad)
   419 | D:1      | Gained mutation: A weak demonic guardian rushes to your
                  | aid. [demonic ancestry]
   419 | D:1      | Reached XP level 3. HP: 29/29 MP: 3/3
   471 | D:1      | Reached skill level 4 in Axes
   873 | D:2      | XOM: noise
   897 | D:2      | Noticed Natasha
   897 | D:2      | XOM: 2-stop teleportation journey
   920 | D:2      | Killed Natasha
   921 | D:2      | Reached XP level 4. HP: 18/35 MP: 4/4
   930 | D:2      | Noticed Natasha
   945 | D:2      | Killed Natasha
   946 | D:2      | Reached skill level 5 in Axes
  1056 | D:2      | Noticed Natasha
  1063 | D:2      | Killed Natasha
  1064 | D:2      | Gained mutation: A demonic guardian rushes to your aid.
                  | [demonic ancestry]
  1064 | D:2      | Reached XP level 5. HP: 32/41 MP: 5/5
  1240 | D:2      | Noticed Sigmund
  1242 | D:2      | XOM: summons 3 friendly demons
  1249 | D:2      | Killed Sigmund
  1250 | D:2      | Reached skill level 6 in Axes
  1250 | D:2      | Reached XP level 6. HP: 34/47 MP: 6/6
  1399 | D:2      | XOM: noise
  1561 | D:2      | Found Mauckeath's Assorted Antiques.
  1581 | D:2      | Bought a scroll labelled GUPONA WUOF for 30 gold pieces
  1581 | D:2      | Bought a scroll labelled GAECRY DAOJOQ for 30 gold pieces
  1581 | D:2      | Bought a scroll labelled GAECRY DAOJOQ for 30 gold pieces
  1807 | D:3      | Noticed an ice beast
  1809 | D:3      | XOM: enchant monster (good)
  1822 | D:3      | Reached skill level 7 in Axes
  1835 | D:3      | XOM: summons 2 friendly demons
  1841 | D:3      | Killed an ice beast
  1842 | D:3      | Reached XP level 7. HP: 17/52 MP: 7/7
  2287 | D:3      | XOM: 4-stop teleportation journey
  2342 | D:3      | Learned a level 1 spell: Kiss of Death
  2866 | D:3      | XOM: god gift: leather armour {god gift}
  2937 | D:3      | XOM: summons friendly shadow imp
  2938 | D:3      | XOM: enchant monster (bad)
  2941 | D:3      | XOM: summons friendly quasit
  2950 | D:3      | Reached skill level 8 in Axes
  3218 | D:4      | XOM: smoke on damage
  3221 | D:4      | XOM: cloud trail
  3253 | D:4      | XOM: cast spell 'Cause Fear'
  3345 | D:4      | Found a shadowy altar of Dithmenos.
  3458 | D:4      | Noticed Ijyb
  3475 | D:4      | Killed Ijyb
  3525 | D:4      | XOM: cloud trail
  3825 | D:5      | Entered Level 5 of the Dungeon
  3841 | D:5      | Found a sparkling altar of Nemelex Xobeh.
  3885 | D:5      | Found a staircase to the Ecumenical Temple.
  3932 | D:5      | XOM: god gift: heavily runed helmet {god gift}
  3932 | D:5      | Identified the +2 helmet of Arang {Fly rCorr Int-3 Dex-4}
                  | (Xom gifted it to you on level 5 of the Dungeon)
  3934 | D:5      | XOM: god gift: 6 stones
  3940 | D:5      | Reached skill level 9 in Axes
  3940 | D:5      | Gained mutation: You are partially covered in thin metallic
                  | scales. (AC +2) [demonic ancestry]
  3940 | D:5      | Reached XP level 8. HP: 58/58 MP: 8/8
  3954 | D:5      | XOM: 1-stop teleportation journey
  4056 | D:5      | XOM: 1-stop teleportation journey
  4184 | D:5      | Found Syaq's Antique Armour Shoppe.
  4277 | D:5      | XOM: chaos upgrade
  4537 | D:5      | Found a glowing drain.
  4539 | D:5      | XOM: silly message
  4553 | Sewer    | XOM: noise
  4553 | Sewer    | Entered a sewer
  4721 | Sewer    | Found a shimmering altar of Xom.
  4724 | Sewer    | XOM: summons friendly crimson imp
  4728 | Sewer    | Reached skill level 10 in Axes
  5083 | D:6      | XOM: 5-stop teleportation journey
  5206 | D:6      | XOM: smoke on damage
  5243 | D:6      | XOM: divination: detect items
  5272 | D:6      | XOM: 4-stop teleportation journey
  5357 | D:6      | XOM: 1-stop teleportation journey
  5474 | D:6      | XOM: summons friendly crimson imp
  5480 | D:6      | Reached skill level 11 in Axes
  5611 | D:6      | Found an ornate altar of the Wu Jian Council.
  5808 | D:7      | XOM: cleaving
  5812 | D:7      | Gained mutation: You are mostly covered in thin metallic
                  | scales. (AC +3) [demonic ancestry]
  5812 | D:7      | Reached XP level 9. HP: 56/63 MP: 9/9
  5907 | D:7      | Paralysed by a hornet for 1 turns
  6006 | D:7      | XOM: scenery: summon butterflies
  6017 | D:7      | XOM: summons 3 friendly demons
  6131 | D:7      | XOM: stat loss: -1 Dex (7/8)
  6266 | D:7      | XOM: cast spell 'Monstrous Menagerie'
  6281 | D:7      | Reached skill level 12 in Axes
  6290 | D:7      | XOM: polymorph manticore -> lindwurm
  6497 | D:7      | Found Tekususo's General Store.
  6563 | D:7      | XOM: cleaving
  6567 | D:7      | XOM: potion effect (invisibility)
  6815 | D:7      | XOM: scenery: summon butterflies
  7074 | D:7      | XOM: god gift: staff of air
  7229 | D:7      | XOM: god gift: marble ring {god gift}
  7393 | D:7      | XOM: god gift: phantom mirror
  7628 | D:8      | XOM: swap monsters
  7783 | D:8      | Noticed a two-headed ogre
  7785 | D:8      | XOM: silly message
  7801 | D:8      | Killed a two-headed ogre
  7802 | D:8      | Reached skill level 13 in Axes
  7818 | D:8      | XOM: silly message
  7891 | D:8      | XOM: silly message
  8003 | D:8      | XOM: summons 4 friendly demons
  8006 | D:8      | Reached XP level 10. HP: 67/70 MP: 10/10
  8213 | D:8      | XOM: god gift: 15 gold pieces
  8422 | D:9      | Noticed Amaemon
  8428 | D:9      | Noticed an orange demon
  8434 | D:9      | Killed Amaemon
  8434 | D:9      | XOM: divine lightning
  8444 | D:9      | Killed an orange demon
  8595 | D:9      | Found a shimmering blue altar of Sif Muna.
  8633 | D:9      | XOM: destruction
  8637 | D:9      | XOM: divine lightning
  8642 | D:9      | XOM: fog
  8799 | D:9      | Reached skill level 14 in Axes
  8893 | D:9      | Noticed Psyche
  8902 | D:9      | Killed Psyche
  8903 | D:9      | Reached skill level 1 in Evocations
  9112 | D:9      | XOM: divination: detect creatures
  9761 | D:9      | XOM: give mutation
  9761 | D:9      | Gained mutation: Your spells are a little harder to cast,
                  | but a little more powerful. [Xom's grace]
  9793 | D:10     | Entered Level 10 of the Dungeon
  9895 | D:10     | XOM: scenery: summon butterflies
  9896 | D:10     | XOM: divine lightning
  9956 | D:10     | Noticed Joseph
  9957 | D:10     | XOM: destruction
  9962 | D:10     | XOM: enchant monster (bad)
  9976 | D:10     | Killed Joseph
  9977 | D:10     | Reached skill level 5 in Fighting
 10021 | D:10     | XOM: chaos cloud
 10054 | D:10     | Found a portal to a secret trove of treasure.
 10377 | D:10     | Found a staircase to the Orcish Mines.
 10414 | D:10     | Found a staircase to the Lair.
 10489 | D:10     | Reached skill level 5 in Evocations
 10509 | D:10     | XOM: god gift: wand of flame (11)
 10651 | D:10     | XOM: divination: detect items
 10655 | D:11     | Noticed a cyclops
 10657 | D:11     | XOM: scenery: create altars
 10658 | D:11     | a cyclops changed into a shapeshifter
 10658 | D:11     | XOM: polymorph cyclops -> shapeshifter
 10670 | D:11     | Reached XP level 11. HP: 70/83 MP: 11/11
 10762 | D:11     | Noticed Grum
 10764 | D:11     | XOM: fake destruction
 10785 | D:11     | Killed Grum
 10859 | D:11     | Noticed a two-headed ogre
 10863 | D:11     | Noticed Maurice
 10863 | D:11     | Noticed a two-headed ogre
 10866 | D:11     | Maurice changed into Maurice the wyvern
 10866 | D:11     | Noticed Maurice
 10866 | D:11     | XOM: polymorph Maurice -> Maurice the wyvern
 10872 | D:11     | Maurice the wyvern changed into Maurice the ice beast
 10872 | D:11     | Noticed Maurice
 10872 | D:11     | XOM: polymorph Maurice the wyvern -> Maurice the ice beast
 10875 | D:11     | Killed a two-headed ogre
 10877 | D:11     | Noticed a boulder beetle
 10889 | D:11     | Killed Maurice the ice beast
 10889 | D:11     | Demolished by a two-headed ogre

Illustrated notes

Levels and vault maps discovered:
D:1:      dpeg_arrival_rooms_c, layout_loops_ring,
          shapermc_ecumenical_altar_venn
D:2:      layout_basic, serial_shops, nicolae_shop_overgrown_old_shop,
          wander_ebering_terrifying_dragon_lair, uniq_sigmund, uniq_natasha
D:3:      minmay_recursive_quarters, layout_basic, old_standard_altar,
          minmay_divided_ellipse
D:4:      layout_rooms, nicolae_dithmenos_shadow_blocks, uniq_ijyb
D:5:      layout_loops_ring, lemuel_doored_altar, minmay_temple_entry_statues,
          portal_sewer_entry_b, serial_shops, shop
D:6:      layout_basic, nicolae_wu_jian_immortal_techniques, serial_undead,
          serial_undead_c, serial_undead_e, serial_undead_d, serial_undead_d,
          serial_undead_b
D:7:      layout_layer_cave, serial_shops, shop
D:8:      layout_gridville
D:9:      layout_basic, mainiacjoe_overflow_brackets, uniq_amaemon, uniq_psyche
D:10:     layout_rooms, due_lair_maze_entry_diamond, enter_trove_2,
          serial_curves, eino_curves_03, eino_curves_04, eino_curves_01,
          uniq_joseph
D:11:     layout_rooms, uniq_maurice, uniq_grum

Skill      XL: |  1  2  3  4  5  6  7  8  9 10 11 |
---------------+----------------------------------+-----
Axes           | 3 4 5 6 7 9 11 13 14 | 14.0
Evocations     | 5 6 |  6.1
Fighting       | 6 7 |  7.2
Armour         | |  1.7
Dodging        | |  0.8

Action                     |  1- 3 |  4- 6 |  7- 9 | 10-12 || total
---------------------------+-------+-------+-------+-------++-------
  Melee: Hand axe          |   110 |    78 |   476 |   323 ||   987
         Kick              |    19 |    22 |   125 |    97 ||   263
         Punch             |     1 |       |     5 |     3 ||     9
   Cast: Kiss of Death     |       |       |     1 |       ||     1
  Evoke: Piece from Xom's  |       |     2 |     8 |     6 ||    16
    Use: Scroll            |       |    12 |     8 |     2 ||    22
         Potion            |       |       |     1 |     8 ||     9
   Stab: Confused          |       |     1 |     2 |     3 ||     6
         Petrified         |       |       |     4 |     2 ||     6
         Petrifying        |       |       |     1 |       ||     1
         Paralysed         |       |       |     5 |     3 ||     8
         Invisible         |       |       |     2 |       ||     2
         Distracted        |       |       |     1 |     1 ||     2
 Armour: Leather armour    |    32 |    22 |   200 |    97 ||   351
  Dodge: Dodged            |    79 |    40 |   225 |   211 ||   555

Table legend: (Time is in decaauts)
 A = Elapsed time spent in this place.
 B = Non-inter-level travel time spent in this place.
 C = Inter-level travel time spent in this place.
 D = Time resting spent in this place.
 E = Time spent auto-exploring this place.
 F = Levels seen in this place.
 G = Mean time per level.
                   A        B        C        D        E       F      G
               +--------+--------+--------+--------+--------+-----+--------+
         Total |  10697 |  10469 |    228 |    259 |   8516 |  12 |  891.4 |
       Dungeon |  10440 |  10212 |    228 |    259 |   8343 |  11 |  949.1 |
         Sewer |    256 |    256 |      0 |      0 |    173 |   1 |  256.0 |
               +--------+--------+--------+--------+--------+-----+--------+

Top non-repeatable levels by time:
     D:7: 1675 daAuts
     D:9: 1416 daAuts
     D:3: 1403 daAuts
     D:5: 903 daAuts
     D:2: 887 daAuts
     D:1: 835 daAuts
     D:8: 814 daAuts
    D:10: 812 daAuts
     D:6: 793 daAuts
     D:4: 695 daAuts
   Sewer: 256 daAuts
    D:11: 205 daAuts
